Construct Infanterie Kompanie
Selects Luftwaffe Battlegroup
Selects Luftwaffe Pioneer Support
Construct Panzergrenadier Kompanie
Selects LG40 Recoilless Gun Paradrop
LG40 Recoilless Gun Paradrop
LG40 Recoilless Gun Paradrop
Construct Panzer Kompanie
Pak 40 Anti-tank Gun Team
Pak 40 Anti-tank Gun Team
Selects Infantry Reserves
Selects Reconnaissance Run
Selects Fallschirmjäger Squad Paradrop
Pak 40 Anti-tank Gun Team